Workbook

Sheet Riepilogo
A1: ChiMiDeve – Edil Demo Srl
A2: Aggiornato il 20/10/2026 alle 21:31. Il file si rigenera da solo: non scriverci dentro, le modifiche andrebbero perse.
A3: Licenza Completo attiva fino al 20/10/2027.
A5: Data di riferimento | B5: 46315 | D5: Clienti con più soldi scaduti
D6: Cliente | E6: Scaduto | F6: Ritardo max (gg)
A7: Da incassare dai clienti | B7: =SUM('Da incassare'!$F$4:$F$14) | D7: Immobiliare Levante Srl | E7: 62700 | F7: 150
A8: di cui già scaduto | B8: =SUMIFS('Da incassare'!$F$4:$F$14,'Da incassare'!$H$4:$H$14,">0") | D8: Comune di Monteverde | E8: 21800 | F8: 90
A9: di cui scaduto da oltre 60 giorni | B9: =SUMIFS('Da incassare'!$F$4:$F$14,'Da incassare'!$H$4:$H$14,">60")
A10: in arrivo nei prossimi 30 giorni | B10: =SUMIFS('Da incassare'!$F$4:$F$14,'Da incassare'!$E$4:$E$14,">="&$B$5,'Da incassare'!$E$4:$E$14,"<="&($B$5+30))
A12: Da pagare ai fornitori | B12: =SUM('Da pagare'!$F$4:$F$6)
A13: di cui già scaduto | B13: =SUMIFS('Da pagare'!$F$4:$F$6,'Da pagare'!$H$4:$H$6,">0")
A14: in scadenza nei prossimi 30 giorni | B14: =SUMIFS('Da pagare'!$F$4:$F$6,'Da pagare'!$E$4:$E$6,">="&$B$5,'Da pagare'!$E$4:$E$6,"<="&($B$5+30))
A16: Saldo crediti – debiti | B16: =B7-B12
A19: Controlli
A20: File non letti: 0
A21: Movimenti bancari da verificare a mano: 0
A22: Fatture con partita IVA diversa dalla vostra: 0
A23: Fatture lette: 36 – movimenti bancari letti: 34
A24: Dettagli nel foglio Controlli.

Sheet Previsione cassa
A1: Previsione di cassa settimanale
A2: Entrate e uscite dalle scadenze delle fatture + uscite fisse (uscite_fisse.csv). Saldo di partenza da chimideve.ini.
A3: Saldo in banca di partenza | B3: 18500
A5: Settimana dal | B5: al | C5: Entrate da clienti | D5: Uscite a fornitori | E5: Uscite fisse | F5: Netto settimana | G5: Saldo previsto
A6: Scaduti non ancora saldati | B6: 46313 | C6: =SUMIFS('Da incassare'!$F$4:$F$14,'Da incassare'!$E$4:$E$14,"<"&A7) | D6: =SUMIFS('Da pagare'!$F$4:$F$6,'Da pagare'!$E$4:$E$6,"<"&A7) | E6: 0 | F6: =C6-D6-E6 | G6: =$B$3+F6
A7: 46314 | B7: 46320 | C7: =SUMIFS('Da incassare'!$F$4:$F$14,'Da incassare'!$E$4:$E$14,">="&A7,'Da incassare'!$E$4:$E$14,"<="&B7) | D7: =SUMIFS('Da pagare'!$F$4:$F$6,'Da pagare'!$E$4:$E$6,">="&A7,'Da pagare'!$E$4:$E$6,"<="&B7) | E7: 0 | F7: =C7-D7-E7 | G7: =G6+F7
A8: 46321 | B8: 46327 | C8: =SUMIFS('Da incassare'!$F$4:$F$14,'Da incassare'!$E$4:$E$14,">="&A8,'Da incassare'!$E$4:$E$14,"<="&B8) | D8: =SUMIFS('Da pagare'!$F$4:$F$6,'Da pagare'!$E$4:$E$6,">="&A8,'Da pagare'!$E$4:$E$6,"<="&B8) | E8: 7800 | F8: =C8-D8-E8 | G8: =G7+F8
A9: 46328 | B9: 46334 | C9: =SUMIFS('Da incassare'!$F$4:$F$14,'Da incassare'!$E$4:$E$14,">="&A9,'Da incassare'!$E$4:$E$14,"<="&B9) | D9: =SUMIFS('Da pagare'!$F$4:$F$6,'Da pagare'!$E$4:$E$6,">="&A9,'Da pagare'!$E$4:$E$6,"<="&B9) | E9: 0 | F9: =C9-D9-E9 | G9: =G8+F9
A10: 46335 | B10: 46341 | C10: =SUMIFS('Da incassare'!$F$4:$F$14,'Da incassare'!$E$4:$E$14,">="&A10,'Da incassare'!$E$4:$E$14,"<="&B10) | D10: =SUMIFS('Da pagare'!$F$4:$F$6,'Da pagare'!$E$4:$E$6,">="&A10,'Da pagare'!$E$4:$E$6,"<="&B10) | E10: 0 | F10: =C10-D10-E10 | G10: =G9+F10
A11: 46342 | B11: 46348 | C11: =SUMIFS('Da incassare'!$F$4:$F$14,'Da incassare'!$E$4:$E$14,">="&A11,'Da incassare'!$E$4:$E$14,"<="&B11) | D11: =SUMIFS('Da pagare'!$F$4:$F$6,'Da pagare'!$E$4:$E$6,">="&A11,'Da pagare'!$E$4:$E$6,"<="&B11) | E11: 2350 | F11: =C11-D11-E11 | G11: =G10+F11
A12: 46349 | B12: 46355 | C12: =SUMIFS('Da incassare'!$F$4:$F$14,'Da incassare'!$E$4:$E$14,">="&A12,'Da incassare'!$E$4:$E$14,"<="&B12) | D12: =SUMIFS('Da pagare'!$F$4:$F$6,'Da pagare'!$E$4:$E$6,">="&A12,'Da pagare'!$E$4:$E$6,"<="&B12) | E12: 7800 | F12: =C12-D12-E12 | G12: =G11+F12
A13: 46356 | B13: 46362 | C13: =SUMIFS('Da incassare'!$F$4:$F$14,'Da incassare'!$E$4:$E$14,">="&A13,'Da incassare'!$E$4:$E$14,"<="&B13) | D13: =SUMIFS('Da pagare'!$F$4:$F$6,'Da pagare'!$E$4:$E$6,">="&A13,'Da pagare'!$E$4:$E$6,"<="&B13) | E13: 0 | F13: =C13-D13-E13 | G13: =G12+F13
A14: 46363 | B14: 46369 | C14: =SUMIFS('Da incassare'!$F$4:$F$14,'Da incassare'!$E$4:$E$14,">="&A14,'Da incassare'!$E$4:$E$14,"<="&B14) | D14: =SUMIFS('Da pagare'!$F$4:$F$6,'Da pagare'!$E$4:$E$6,">="&A14,'Da pagare'!$E$4:$E$6,"<="&B14) | E14: 0 | F14: =C14-D14-E14 | G14: =G13+F14
A15: 46370 | B15: 46376 | C15: =SUMIFS('Da incassare'!$F$4:$F$14,'Da incassare'!$E$4:$E$14,">="&A15,'Da incassare'!$E$4:$E$14,"<="&B15) | D15: =SUMIFS('Da pagare'!$F$4:$F$6,'Da pagare'!$E$4:$E$6,">="&A15,'Da pagare'!$E$4:$E$6,"<="&B15) | E15: 2350 | F15: =C15-D15-E15 | G15: =G14+F15
A16: 46377 | B16: 46383 | C16: =SUMIFS('Da incassare'!$F$4:$F$14,'Da incassare'!$E$4:$E$14,">="&A16,'Da incassare'!$E$4:$E$14,"<="&B16) | D16: =SUMIFS('Da pagare'!$F$4:$F$6,'Da pagare'!$E$4:$E$6,">="&A16,'Da pagare'!$E$4:$E$6,"<="&B16) | E16: 7800 | F16: =C16-D16-E16 | G16: =G15+F16
A17: 46384 | B17: 46390 | C17: =SUMIFS('Da incassare'!$F$4:$F$14,'Da incassare'!$E$4:$E$14,">="&A17,'Da incassare'!$E$4:$E$14,"<="&B17) | D17: =SUMIFS('Da pagare'!$F$4:$F$6,'Da pagare'!$E$4:$E$6,">="&A17,'Da pagare'!$E$4:$E$6,"<="&B17) | E17: 0 | F17: =C17-D17-E17 | G17: =G16+F17
A18: 46391 | B18: 46397 | C18: =SUMIFS('Da incassare'!$F$4:$F$14,'Da incassare'!$E$4:$E$14,">="&A18,'Da incassare'!$E$4:$E$14,"<="&B18) | D18: =SUMIFS('Da pagare'!$F$4:$F$6,'Da pagare'!$E$4:$E$6,">="&A18,'Da pagare'!$E$4:$E$6,"<="&B18) | E18: 0 | F18: =C18-D18-E18 | G18: =G17+F18
A20: La riga arancione contiene incassi e pagamenti già scaduti: sono inclusi nel saldo, ma non è detto che arrivino davvero.

Sheet Da incassare
A1: Da incassare
A2: Scadenze non ancora incassate, ordinate per data. Righe rosse: ritardo oltre 60 giorni. | E2: Totale (rispetta i filtri): | F2: =SUBTOTAL(9,F4:F14)
A3: Controparte | B3: P. IVA | C3: Fattura n. | D3: Data fattura | E3: Scadenza | F3: Da saldare | G3: Importo rata | H3: Giorni di ritardo | I3: Modalità | J3: IBAN | K3: File
A4: Immobiliare Levante Srl | B4: 22222222222 | C4: 2/2026 | D4: 46135 | E4: 46165 | F4: 10780 | G4: 10780 | H4: 150 | I4: Bonifico | J4: IT60X0542811101000000123456 | K4: IT01234567890_E0002.xml
A5: Immobiliare Levante Srl | B5: 22222222222 | C5: 5/2026 | D5: 46165 | E5: 46195 | F5: 10780 | G5: 10780 | H5: 120 | I5: Bonifico | J5: IT60X0542811101000000123456 | K5: IT01234567890_E0005.xml
A6: Comune di Monteverde | B6: 80001234567 | C6: 6/2026 | D6: 46165 | E6: 46225 | F6: 12000 | G6: 12000 | H6: 90 | I6: Bonifico | J6: IT60X0542811101000000123456 | K6: IT01234567890_E0006.xml
A7: Immobiliare Levante Srl | B7: 22222222222 | C7: 8/2026 | D7: 46195 | E7: 46225 | F7: 17160 | G7: 17160 | H7: 90 | I7: Bonifico | J7: IT60X0542811101000000123456 | K7: IT01234567890_E0008.xml
A8: Comune di Monteverde | B8: 80001234567 | C8: 9/2026 | D8: 46195 | E8: 46255 | F8: 9800 | G8: 9800 | H8: 60 | I8: Bonifico | J8: IT60X0542811101000000123456 | K8: IT01234567890_E0009.xml
A9: Immobiliare Levante Srl | B9: 22222222222 | C9: 11/2026 | D9: 46225 | E9: 46255 | F9: 10780 | G9: 10780 | H9: 60 | I9: Bonifico | J9: IT60X0542811101000000123456 | K9: IT01234567890_E0011.xml
A10: Immobiliare Levante Srl | B10: 22222222222 | C10: 14/2026 | D10: 46255 | E10: 46285 | F10: 13200 | G10: 13200 | H10: 30 | I10: Bonifico | J10: IT60X0542811101000000123456 | K10: IT01234567890_E0014.xml
A11: Comune di Monteverde | B11: 80001234567 | C11: 15/2026 | D11: 46255 | E11: 46315 | F11: 8500 | G11: 8500 | H11: 0 | I11: Bonifico | J11: IT60X0542811101000000123456 | K11: IT01234567890_E0015.xml
A12: Condominio Aurora | B12: 11111111111 | C12: 16/2026 | D12: 46285 | E12: 46315 | F12: 17160 | G12: 17160 | H12: 0 | I12: Bonifico | J12: IT60X0542811101000000123456 | K12: IT01234567890_E0016.xml
A13: Immobiliare Levante Srl | B13: 22222222222 | C13: 17/2026 | D13: 46285 | E13: 46315 | F13: 9350 | G13: 9350 | H13: 0 | I13: Bonifico | J13: IT60X0542811101000000123456 | K13: IT01234567890_E0017.xml
A14: Comune di Monteverde | B14: 80001234567 | C14: 18/2026 | D14: 46285 | E14: 46345 | F14: 8500 | G14: 8500 | H14: 0 | I14: Bonifico | J14: IT60X0542811101000000123456 | K14: IT01234567890_E0018.xml

Sheet Da pagare
A1: Da pagare
A2: Scadenze non ancora pagate, ordinate per data. Righe rosse: ritardo oltre 60 giorni. | E2: Totale (rispetta i filtri): | F2: =SUBTOTAL(9,F4:F6)
A3: Controparte | B3: P. IVA | C3: Fattura n. | D3: Data fattura | E3: Scadenza | F3: Da saldare | G3: Importo rata | H3: Giorni di ritardo | I3: Modalità | J3: IBAN | K3: File
A4: Termoidraulica Russo Srl | B4: 66666666666 | C4: 328/2026 | D4: 46135 | E4: 46165 | F4: 1093.29 | G4: 1093.29 | H4: 150 | I4: RIBA | K4: IT66666666666_16499.xml
A5: Noleggi Puglia Srl | B5: 55555555555 | C5: 585/2026 | D5: 46285 | E5: 46315 | F5: 4602.77 | G5: 4602.77 | H5: 0 | I5: Bonifico | J5: IT60X0542811101000000123456 | K5: IT55555555555_73972.xml
A6: Laterizi Adriatica Spa | B6: 77777777777 | C6: 640/2026 | D6: 46285 | E6: 46345 | F6: 645.79 | G6: 645.79 | H6: 0 | I6: Bonifico | J6: IT60X0542811101000000123456 | K6: IT77777777777_81194.xml

Sheet Commesse
A1: Ricavi e costi per commessa / cantiere
A2: Imponibili IVA esclusa. Le regole di assegnazione sono in commesse.csv.
A3: Commessa | B3: Ricavi | C3: Costi | D3: Margine | E3: Margine % | F3: Documenti
A4: Lotto Levante B | B4: 65500 | C4: 28246.07 | D4: =B4-C4 | E4: =IF(B4=0,"-",D4/B4) | F4: 16
A5: Via Roma 12 | B5: 86000 | C5: 14212.31 | D5: =B5-C5 | E5: =IF(B5=0,"-",D5/B5) | F5: 10
A6: Scuola Monteverde | B6: 62900 | C6: 4002.9 | D6: =B6-C6 | E6: =IF(B6=0,"-",D6/B6) | F6: 10
A7: Totale | B7: =SUM(B4:B6) | C7: =SUM(C4:C6) | D7: =B7-C7 | E7: =IF(B7=0,"-",D7/B7)
A9: Per assegnare le righe '(non assegnata)' aggiungi una parola chiave in commesse.csv (es. indirizzo del cantiere, CUP, nome del committente).

Sheet Dettaglio commesse
A1: Dettaglio righe per commessa
A2: Ogni riga di fattura con la commessa assegnata.
A3: Commessa | B3: Tipo | C3: Controparte | D3: Fattura n. | E3: Data | F3: Descrizione | G3: Importo
A4: Lotto Levante B | B4: Ricavo | C4: Immobiliare Levante Srl | D4: 2/2026 | E4: 46135 | F4: SAL lavori cantiere Lotto Levante B | G4: 9800
A5: Lotto Levante B | B5: Ricavo | C5: Immobiliare Levante Srl | D5: 5/2026 | E5: 46165 | F5: SAL lavori cantiere Lotto Levante B | G5: 9800
A6: Lotto Levante B | B6: Ricavo | C6: Immobiliare Levante Srl | D6: 8/2026 | E6: 46195 | F6: SAL lavori cantiere Lotto Levante B | G6: 15600
A7: Lotto Levante B | B7: Costo | C7: Calcestruzzi del Sud Spa | D7: 913/2026 | E7: 46195 | F7: Fornitura calcestruzzo C25/30 - cantiere Lotto Levante B | G7: 2078.7
A8: Lotto Levante B | B8: Costo | C8: Ferramenta Bianchi Snc | D8: 394/2026 | E8: 46195 | F8: Materiale di ferramenta - cantiere Lotto Levante B | G8: 4484.89
A9: Lotto Levante B | B9: Costo | C9: Termoidraulica Russo Srl | D9: 458/2026 | E9: 46195 | F9: Subappalto impianto idraulico - cantiere Lotto Levante B | G9: 2304.69
A10: Lotto Levante B | B10: Costo | C10: Laterizi Adriatica Spa | D10: 166/2026 | E10: 46195 | F10: Fornitura laterizi - cantiere Lotto Levante B | G10: 4303.44
A11: Lotto Levante B | B11: Ricavo | C11: Immobiliare Levante Srl | D11: 11/2026 | E11: 46225 | F11: SAL lavori cantiere Lotto Levante B | G11: 9800
A12: Lotto Levante B | B12: Costo | C12: Calcestruzzi del Sud Spa | D12: 219/2026 | E12: 46225 | F12: Fornitura calcestruzzo C25/30 - cantiere Lotto Levante B | G12: 1341.07
A13: Lotto Levante B | B13: Costo | C13: Termoidraulica Russo Srl | D13: 559/2026 | E13: 46225 | F13: Subappalto impianto idraulico - cantiere Lotto Levante B | G13: 851.26
A14: Lotto Levante B | B14: Costo | C14: Laterizi Adriatica Spa | D14: 467/2026 | E14: 46225 | F14: Fornitura laterizi - cantiere Lotto Levante B | G14: 4355.82
A15: Lotto Levante B | B15: Ricavo | C15: Immobiliare Levante Srl | D15: 14/2026 | E15: 46255 | F15: SAL lavori cantiere Lotto Levante B | G15: 12000
... A39: Via Roma 12 | B39: Ricavo | C39: Condominio Aurora | D39: 16/2026 | E39: 46285 | F39: SAL lavori cantiere Via Roma 12 | G39: 15600

Sheet Solleciti
A1: Solleciti pronti da inviare
A2: Testo già scritto per ogni cliente con fatture scadute: copialo nella tua email.
A3: Cliente | B3: Totale scaduto | C3: N. fatture | D3: Testo del sollecito
A4: Immobiliare Levante Srl | B4: 62700 | C4: 5 | D4: Oggetto: promemoria pagamento fatture Gentile Immobiliare Levante Srl, da un controllo amministrativo risultano ancora da saldare: - fattura n. 2/2026 del 23/04/2026, € 10.780,00, scaduta il 23/05/2026 - fattura n. 5/2026 del 23/05/2026, € 10.780,00, scaduta il 22/06/2026 - fattura n. 8/2026 del 22/06/2026, € 17.160,00, scaduta il 22/07/2026 - fattura n. 11/2026 del 22/07/2026, € 10.780,00, scaduta il 21/08/2026 - fattura n. 14/2026 del 21/08/2026, € 13.200,00, scaduta il 20/09/2026 Totale: € 62.700,00 Vi chiediamo di provvedere al pagamento o di inviarci la contabile se l'avete già effettuato. Cordiali saluti, Edil Demo Srl
A5: Comune di Monteverde | B5: 21800 | C5: 2 | D5: Oggetto: promemoria pagamento fatture Gentile Comune di Monteverde, da un controllo amministrativo risultano ancora da saldare: - fattura n. 6/2026 del 23/05/2026, € 12.000,00, scaduta il 22/07/2026 - fattura n. 9/2026 del 22/06/2026, € 9.800,00, scaduta il 21/08/2026 Totale: € 21.800,00 Vi chiediamo di provvedere al pagamento o di inviarci la contabile se l'avete già effettuato. Cordiali saluti, Edil Demo Srl

Sheet Movimenti banca
A1: Movimenti bancari e abbinamenti
A2: Gialli: da controllare. Per segnare a mano una fattura come pagata usa pagamenti_manuali.csv.
A3: Data | B3: Importo | C3: Descrizione | D3: Esito | E3: Fattura collegata | F3: File
A4: 46315 | B4: -3180.63 | C4: PAGAMENTO BONIFICO A NOLEGGI PUGLIA SRL FT 593/2026 | D4: Abbinato | E4: Noleggi Puglia Srl - fatt. 593/2026 | F4: estratto_conto.csv
A5: 46315 | B5: -2146.37 | C5: PAGAMENTO RIBA A TERMOIDRAULICA RUSSO SRL FT 247/2026 | D5: Abbinato | E5: Termoidraulica Russo Srl - fatt. 247/2026 | F5: estratto_conto.csv
A6: 46315 | B6: -1181.2 | C6: PAGAMENTO BONIFICO A CALCESTRUZZI DEL SUD SPA FT 472/2026 | D6: Abbinato | E6: Calcestruzzi del Sud Spa - fatt. 472/2026 | F6: estratto_conto.csv
A7: 46292 | B7: -7800 | C7: STIPENDI DIPENDENTI | D7: Nessuna fattura corrispondente | F7: estratto_conto.csv
A8: 46288 | B8: 13200 | C8: BONIFICO A VOSTRO FAVORE DA CONDOMINIO AURORA SALDO FT 13/2026 | D8: Abbinato | E8: Condominio Aurora - fatt. 13/2026 | F8: estratto_conto.csv
A9: 46285 | B9: -5314.1 | C9: PAGAMENTO BONIFICO A LATERIZI ADRIATICA SPA FT 467/2026 | D9: Abbinato | E9: Laterizi Adriatica Spa - fatt. 467/2026 | F9: estratto_conto.csv
A10: 46285 | B10: -5205.45 | C10: PAGAMENTO RIBA A FERRAMENTA BIANCHI SNC FT 627/2026 | D10: Abbinato | E10: Ferramenta Bianchi Snc - fatt. 627/2026 | F10: estratto_conto.csv
A11: 46285 | B11: -2283.08 | C11: PAGAMENTO BONIFICO A CALCESTRUZZI DEL SUD SPA FT 104/2026 | D11: Abbinato | E11: Calcestruzzi del Sud Spa - fatt. 104/2026 | F11: estratto_conto.csv
A12: 46285 | B12: -1636.11 | C12: PAGAMENTO BONIFICO A CALCESTRUZZI DEL SUD SPA FT 219/2026 | D12: Abbinato | E12: Calcestruzzi del Sud Spa - fatt. 219/2026 | F12: estratto_conto.csv
A13: 46285 | B13: -851.26 | C13: PAGAMENTO RIBA A TERMOIDRAULICA RUSSO SRL FT 559/2026 | D13: Abbinato | E13: Termoidraulica Russo Srl - fatt. 559/2026 | F13: estratto_conto.csv
A14: 46285 | B14: 15600 | C14: BONIFICO A VOSTRO FAVORE DA COMUNE DI MONTEVERDE SALDO FT 12/2026 | D14: Abbinato | E14: Comune di Monteverde - fatt. 12/2026 | F14: estratto_conto.csv
A15: 46281 | B15: -2350 | C15: PAGAMENTO F24 | D15: Nessuna fattura corrispondente | F15: estratto_conto.csv
A16: 46265 | B16: 10780 | C16: BONIFICO A VOSTRO FAVORE DA CONDOMINIO AURORA SALDO FT 10/2026 | D16: Abbinato | E16: Condominio Aurora - fatt. 10/2026 | F16: estratto_conto.csv
A17: 46261 | B17: -7800 | C17: STIPENDI DIPENDENTI | D17: Nessuna fattura corrispondente | F17: estratto_conto.csv
A18: 46255 | B18: -2304.69 | C18: PAGAMENTO RIBA A TERMOIDRAULICA RUSSO SRL FT 458/2026 | D18: Abbinato | E18: Termoidraulica Russo Srl - fatt. 458/2026 | F18: estratto_conto.csv
A19: 46250 | B19: -2350 | C19: PAGAMENTO F24 | D19: Nessuna fattura corrispondente | F19: estratto_conto.csv
A20: 46250 | B20: 23100 | C20: BONIFICO A VOSTRO FAVORE DA CONDOMINIO AURORA SALDO FT 7/2026 | D20: Abbinato | E20: Condominio Aurora - fatt. 7/2026 | F20: estratto_conto.csv
A21: 46230 | B21: -7800 | C21: STIPENDI DIPENDENTI | D21: Nessuna fattura corrispondente | F21: estratto_conto.csv
A22: 46225 | B22: -6864.1 | C22: PAGAMENTO BONIFICO A NOLEGGI PUGLIA SRL FT 531/2026 | D22: Abbinato | E22: Noleggi Puglia Srl - fatt. 531/2026 | F22: estratto_conto.csv
A23: 46225 | B23: -5471.57 | C23: PAGAMENTO RIBA A FERRAMENTA BIANCHI SNC FT 394/2026 | D23: Abbinato | E23: Ferramenta Bianchi Snc - fatt. 394/2026 | F23: estratto_conto.csv
A24: 46225 | B24: -5250.2 | C24: PAGAMENTO BONIFICO A LATERIZI ADRIATICA SPA FT 166/2026 | D24: Abbinato | E24: Laterizi Adriatica Spa - fatt. 166/2026 | F24: estratto_conto.csv
A25: 46225 | B25: -2536.01 | C25: PAGAMENTO BONIFICO A CALCESTRUZZI DEL SUD SPA FT 913/2026 | D25: Abbinato | E25: Calcestruzzi del Sud Spa - fatt. 913/2026 | F25: estratto_conto.csv
A26: 46219 | B26: -2350 | C26: PAGAMENTO F24 | D26: Nessuna fattura corrispondente | F26: estratto_conto.csv
A27: 46205 | B27: 13200 | C27: BONIFICO A VOSTRO FAVORE DA CONDOMINIO AURORA SALDO FT 4/2026 | D27: Abbinato | E27: Condominio Aurora - fatt. 4/2026 | F27: estratto_conto.csv
A28: 46200 | B28: -7800 | C28: STIPENDI DIPENDENTI | D28: Nessuna fattura corrispondente | F28: estratto_conto.csv
A29: 46195 | B29: -1722.73 | C29: PAGAMENTO RIBA A FERRAMENTA BIANCHI SNC FT 695/2026 | D29: Abbinato | E29: Ferramenta Bianchi Snc - fatt. 695/2026 | F29: estratto_conto.csv
A30: 46195 | B30: 8500 | C30: BONIFICO A VOSTRO FAVORE DA COMUNE DI MONTEVERDE SALDO FT 3/2026 | D30: Abbinato | E30: Comune di Monteverde - fatt. 3/2026 | F30: estratto_conto.csv
A31: 46189 | B31: -2350 | C31: PAGAMENTO F24 | D31: Nessuna fattura corrispondente | F31: estratto_conto.csv
A32: 46169 | B32: -7800 | C32: STIPENDI DIPENDENTI | D32: Nessuna fattura corrispondente | F32: estratto_conto.csv
A33: 46168 | B33: 17160 | C33: BONIFICO A VOSTRO FAVORE DA CONDOMINIO AURORA SALDO FT 1/2026 | D33: Abbinato | E33: Condominio Aurora - fatt. 1/2026 | F33: estratto_conto.csv
A34: 46165 | B34: -2986.39 | C34: PAGAMENTO BONIFICO A CALCESTRUZZI DEL SUD SPA FT 159/2026 | D34: Abbinato | E34: Calcestruzzi del Sud Spa - fatt. 159/2026 | F34: estratto_conto.csv
A35: 46158 | B35: -2350 | C35: PAGAMENTO F24 | D35: Nessuna fattura corrispondente | F35: estratto_conto.csv
A36: 46139 | B36: -7800 | C36: STIPENDI DIPENDENTI | D36: Nessuna fattura corrispondente | F36: estratto_conto.csv
A37: 46128 | B37: -2350 | C37: PAGAMENTO F24 | D37: Nessuna fattura corrispondente | F37: estratto_conto.csv

Sheet Fatture
A1: Tutte le fatture lette
A2: Emesse e ricevute, con lo stato dei pagamenti.
A3: Direzione | B3: Tipo | C3: Numero | D3: Data | E3: Controparte | F3: P. IVA | G3: Imponibile | H3: IVA | I3: Totale | J3: Stato pagamento | K3: File
A4: Ricevuta | B4: TD01 Fattura | C4: 640/2026 | D4: 46285 | E4: Laterizi Adriatica Spa | F4: 77777777777 | G4: 529.34 | H4: 116.45 | I4: 645.79 | J4: Aperta | K4: IT77777777777_81194.xml
A5: Ricevuta | B5: TD01 Fattura | C5: 585/2026 | D5: 46285 | E5: Noleggi Puglia Srl | F5: 55555555555 | G5: 3772.76 | H5: 830.01 | I5: 4602.77 | J5: Aperta | K5: IT55555555555_73972.xml
A6: Ricevuta | B6: TD01 Fattura | C6: 472/2026 | D6: 46285 | E6: Calcestruzzi del Sud Spa | F6: 33333333333 | G6: 968.2 | H6: 213 | I6: 1181.2 | J6: Saldata | K6: IT33333333333_37256.xml.p7m
A7: Ricevuta | B7: TD01 Fattura | C7: 247/2026 | D7: 46285 | E7: Termoidraulica Russo Srl | F7: 66666666666 | G7: 2146.37 | H7: 0 | I7: 2146.37 | J7: Saldata | K7: IT66666666666_44702.xml
A8: Emessa | B8: TD01 Fattura | C8: 18/2026 | D8: 46285 | E8: Comune di Monteverde | F8: 80001234567 | G8: 8500 | H8: 850 | I8: 9350 | J8: Aperta | K8: IT01234567890_E0018.xml
A9: Emessa | B9: TD01 Fattura | C9: 17/2026 | D9: 46285 | E9: Immobiliare Levante Srl | F9: 22222222222 | G9: 8500 | H9: 850 | I9: 9350 | J9: Aperta | K9: IT01234567890_E0017.xml
A10: Emessa | B10: TD01 Fattura | C10: 16/2026 | D10: 46285 | E10: Condominio Aurora | F10: 11111111111 | G10: 15600 | H10: 1560 | I10: 17160 | J10: Aperta | K10: IT01234567890_E0016.xml
A11: Ricevuta | B11: TD01 Fattura | C11: 627/2026 | D11: 46255 | E11: Ferramenta Bianchi Snc | F11: 44444444444 | G11: 4266.76 | H11: 938.69 | I11: 5205.45 | J11: Saldata | K11: IT44444444444_99204.xml
A12: Ricevuta | B12: TD01 Fattura | C12: 593/2026 | D12: 46255 | E12: Noleggi Puglia Srl | F12: 55555555555 | G12: 2607.07 | H12: 573.56 | I12: 3180.63 | J12: Saldata | K12: IT55555555555_34983.xml
A13: Emessa | B13: TD01 Fattura | C13: 15/2026 | D13: 46255 | E13: Comune di Monteverde | F13: 80001234567 | G13: 8500 | H13: 850 | I13: 9350 | J13: Aperta | K13: IT01234567890_E0015.xml
A14: Emessa | B14: TD01 Fattura | C14: 14/2026 | D14: 46255 | E14: Immobiliare Levante Srl | F14: 22222222222 | G14: 12000 | H14: 1200 | I14: 13200 | J14: Aperta | K14: IT01234567890_E0014.xml
A15: Emessa | B15: TD01 Fattura | C15: 13/2026 | D15: 46255 | E15: Condominio Aurora | F15: 11111111111 | G15: 12000 | H15: 1200 | I15: 13200 | J15: Saldata | K15: IT01234567890_E0013.xml
... A39: Emessa | B39: TD01 Fattura | C39: 1/2026 | D39: 46135 | E39: Condominio Aurora | F39: 11111111111 | G39: 15600 | H39: 1560 | I39: 17160 | J39: Saldata | K39: IT01234567890_E0001.xml

Sheet Controlli
A1: Controlli e problemi
A2: Se qui è tutto vuoto, i dati sono stati letti correttamente.
A3: File / elemento | B3: Problema
A4: Nessun problema rilevato.
